General information
- name: BNet
- type: Ladder team game (AT/RT)
- host: Battle.net
- saver: Schutzstaffel
map: FullScaleAssault
- players: 8
- length: 25:18
- speed: Fast
- version: 1.26 W3XP
- replay type: Public
» download(182 KB)
Players
team 1 (winner)
domthot (
green | 29 APM | 746 actions | 25:17)
5 Demon Hunter
3 Mana Burn
2 Evasion
5 Priestess of the Moon
3 Trueshot Aura
2 Searing Arrows
4 Keeper of the Grove
2 Thorns Aura
2 Entangling Roots
» actions
| Build / train | 69 | |
| Enter build submenu | 25 | |
| Enter hero's abilities submenu | 14 | |
| Give item / drop item | 6 | |
| Remove unit from queue | 1 | |
| Right click | 367 | |
| Select / deselect | 220 | |
| Use ability | 44 | |
746 total
» units
» upgrades
| Abolish Magic | 1 | |
| Strength of the Wild | 3 | |
| Reinforced Hides | 3 | |
| Nature's Blessing | 1 | |
8 total
» buildings
| Altar of Elders | 1 | |
| Moon Well | 8 | |
| Tree of Ages | 1 | |
| Hunter's Hall | 1 | |
| Ancient of Wonders | 2 | |
| Ancient of Lore | 6 | |
| Tree of Eternity | 1 | |
| Tree of Life | 1 | |
| Ancient of Wind | 4 | |
| Ancient Protector | 2 | |
27 total
» build order
00:17 Altar of Elders
00:27 Moon Well
02:00 Tree of Ages
02:08 Moon Well
02:47 Hunter's Hall
02:52 Ancient of Wonders
03:39 Moon Well
04:33 Ancient of Lore
04:40 Ancient of Lore
04:46 Moon Well
07:01 Moon Well
07:34 Tree of Eternity
08:50 Tree of Life
24:06 Moon Well
24:09 Ancient of Wonders
24:11 Ancient of Wind
24:14 Moon Well
24:16 Ancient Protector
24:19 Ancient Protector
24:42 Ancient of Wind
24:45 Ancient of Lore
24:56 Ancient of Lore
25:07 Moon Well
25:10 Ancient of Wind
25:11 Ancient of Wind
25:14 Ancient of Lore
25:16 Ancient of Lore
» items
| Healing Salve | 2 | |
| Periapt of Vitality | 3 | |
| Potion of Lesser Invulnerability | 1 | |
| Orb of Venom | 2 | |
| Scroll of Speed | 1 | |
| Orb of Lightning | 1 | |
| Potion of Healing | 1 | |
11 total
stinkiboonki (
pink | 125 APM | 3169 actions | 25:17)
6 Demon Hunter
1 Immolation
3 Mana Burn
1 Evasion
1 Metamorphosis
5 Keeper of the Grove
3 Entangling Roots
2 Thorns Aura
» actions
| Assign group hotkey | 435 | |
| Basic commands | 14 | |
| Build / train | 75 | |
| Enter build submenu | 15 | |
| Enter hero's abilities submenu | 11 | |
| Give item / drop item | 9 | |
| Remove unit from queue | 8 | |
| Right click | 1344 | |
| Select / deselect | 393 | |
| Select group hotkey | 793 | |
| Use ability | 72 | |
3169 total
» units
| Wisp | 14 | |
| Archer | 12 | |
| Hippogryph | 7 | |
| Goblin Sapper | 4 | |
37 total
» upgrades
| Ultravision | 1 | |
| Improved Bows | 1 | |
| Hippogryph Taming | 1 | |
| Strength of the Wild | 2 | |
| Druid of the Talon Training | 1 | |
6 total
» buildings
| Altar of Elders | 1 | |
| Moon Well | 7 | |
| Ancient of War | 1 | |
| Tree of Ages | 1 | |
| Ancient of Wonders | 1 | |
| Tree of Eternity | 1 | |
| Hunter's Hall | 1 | |
| Ancient of Wind | 3 | |
| Tree of Life | 1 | |
17 total
» build order
00:09 Altar of Elders
00:20 Moon Well
00:34 Ancient of War
01:37 Moon Well
02:00 Moon Well
02:18 Moon Well
04:44 Tree of Ages
05:35 Moon Well
05:38 Ancient of Wonders
07:26 Tree of Eternity
08:00 Hunter's Hall
09:57 Ancient of Wind
10:08 Ancient of Wind
11:10 Moon Well
11:34 Ancient of Wind
14:42 Moon Well
17:54 Tree of Life
» items
| Circlet of Nobility | 1 | |
| Staff of Teleportation | 1 | |
| Lesser Clarity Potion | 2 | |
| Potion of Healing | 1 | |
| Orb of Venom | 1 | |
| Anti-magic Potion | 2 | |
8 total
Schutzstaffel (
purple | 98 APM | 2478 actions | 25:18)
6 Blademaster
3 Wind Walk
2 Critical Strike
1 Bladestorm
4 Tauren Chieftain
2 Endurance Aura
2 Shockwave
» actions
| Assign group hotkey | 63 | |
| Basic commands | 32 | |
| Build / train | 145 | |
| ESC pressed | 6 | |
| Enter build submenu | 45 | |
| Enter hero's abilities submenu | 11 | |
| Give item / drop item | 11 | |
| Right click | 1088 | |
| Select / deselect | 407 | |
| Select group hotkey | 503 | |
| Use ability | 167 | |
2478 total
» units
| Peon | 27 | |
| Grunt | 17 | |
| Goblin Shredder | 6 | |
| Goblin Zeppelin | 2 | |
| Troll Batrider | 7 | |
| Wind Rider | 8 | |
67 total
» upgrades
| Berserker Strength | 1 | |
| Pillage | 1 | |
| Armor | 3 | |
| Envenomed Spears | 1 | |
| Liquid Fire | 1 | |
| Troll Regeneration | 1 | |
| Reinforced Defenses | 1 | |
| Ranged Weapons | 3 | |
| Berserker Upgrade | 1 | |
| Spiked Barricades | 2 | |
| Ensnare | 1 | |
| War Drums Damage Increase | 1 | |
| Burning Oil | 1 | |
| Backpack | 1 | |
19 total
» buildings
| Altar of Storms | 1 | |
| Orc Burrow | 6 | |
| Barracks | 1 | |
| Voodoo Lounge | 2 | |
| Great Hall | 2 | |
| Stronghold | 4 | |
| War Mill | 1 | |
| Beastiary | 4 | |
| Watch Tower | 24 | |
| Fortress | 3 | |
48 total
» build order
00:08 Altar of Storms
00:13 Orc Burrow
00:19 Barracks
01:34 Orc Burrow
01:50 Voodoo Lounge
03:33 Orc Burrow
04:18 Great Hall
05:59 Orc Burrow
06:03 Orc Burrow
06:19 Stronghold
06:19 Stronghold
07:53 War Mill
08:49 Beastiary
08:52 Beastiary
09:21 Watch Tower
09:22 Watch Tower
09:25 Watch Tower
09:27 Watch Tower
09:30 Watch Tower
09:45 Great Hall
09:59 Watch Tower
10:00 Watch Tower
10:03 Watch Tower
10:05 Watch Tower
11:02 Fortress
11:02 Fortress
11:06 Watch Tower
11:27 Orc Burrow
12:26 Watch Tower
12:59 Watch Tower
13:16 Voodoo Lounge
13:59 Watch Tower
14:00 Watch Tower
14:01 Watch Tower
14:03 Watch Tower
14:06 Watch Tower
14:58 Watch Tower
14:59 Watch Tower
15:05 Watch Tower
15:06 Watch Tower
15:35 Beastiary
15:35 Beastiary
17:41 Watch Tower
17:41 Watch Tower
17:43 Watch Tower
17:45 Stronghold
» items
| Healing Salve | 4 | |
| Lesser Clarity Potion | 5 | |
| Periapt of Vitality | 1 | |
| Scroll of Town Portal | 3 | |
| Boots of Speed | 7 | |
| Orb of Lightning | 1 | |
21 total

»
Fern. (
red | 97 APM | 2445 actions | 25:17)
6 Tauren Chieftain
3 Endurance Aura
2 War Stomp
1 Reincarnation
» actions
| Assign group hotkey | 167 | |
| Basic commands | 54 | |
| Build / train | 107 | |
| Enter build submenu | 29 | |
| Enter hero's abilities submenu | 6 | |
| Give item / drop item | 1 | |
| Right click | 1092 | |
| Select / deselect | 421 | |
| Select group hotkey | 468 | |
| Use ability | 100 | |
2445 total
» units
| Peon | 23 | |
| Grunt | 23 | |
| Kodo Beast | 5 | |
| Raider | 14 | |
| Demolisher | 1 | |
66 total
» upgrades
| Spiked Barricades | 3 | |
| Pillage | 1 | |
| Armor | 2 | |
| Melee Weapons | 2 | |
| Berserker Strength | 1 | |
| Ensnare | 1 | |
| Reinforced Defenses | 1 | |
| War Drums Damage Increase | 1 | |
| Burning Oil | 1 | |
| Ranged Weapons | 2 | |
15 total
» buildings
| Orc Burrow | 8 | |
| Altar of Storms | 1 | |
| War Mill | 1 | |
| Barracks | 2 | |
| Watch Tower | 11 | |
| Voodoo Lounge | 1 | |
| Stronghold | 5 | |
| Great Hall | 1 | |
| Beastiary | 2 | |
| Fortress | 1 | |
33 total
» build order
00:11 Orc Burrow
00:22 Altar of Storms
00:58 War Mill
01:25 Barracks
02:04 Orc Burrow
02:32 Watch Tower
02:43 Voodoo Lounge
03:44 Watch Tower
04:01 Orc Burrow
04:39 Barracks
06:05 Stronghold
06:05 Stronghold
06:05 Stronghold
06:29 Orc Burrow
07:29 Watch Tower
08:22 Great Hall
08:25 Watch Tower
08:28 Watch Tower
09:46 Watch Tower
09:48 Watch Tower
10:02 Orc Burrow
10:17 Beastiary
10:32 Beastiary
13:12 Orc Burrow
13:16 Orc Burrow
13:38 Fortress
19:43 Watch Tower
19:50 Watch Tower
21:12 Watch Tower
21:15 Watch Tower
22:02 Orc Burrow
» items
| Healing Salve | 2 | |
| Scroll of Speed | 1 | |
| Circlet of Nobility | 1 | |
| Potion of Lesser Invulnerability | 1 | |
| Scroll of Town Portal | 1 | |
6 total
team 2 (loser)

»
kylor (
yellow | 59 APM | 1220 actions | 20:37)
3 Demon Hunter
2 Mana Burn
1 Evasion
3 Priestess of the Moon
2 Trueshot Aura
1 Scout
2 Keeper of the Grove
1 Entangling Roots
1 Thorns Aura
» actions
| Assign group hotkey | 13 | |
| Basic commands | 7 | |
| Build / train | 60 | |
| Enter build submenu | 21 | |
| Enter hero's abilities submenu | 8 | |
| Give item / drop item | 1 | |
| Right click | 540 | |
| Select / deselect | 366 | |
| Select group hotkey | 162 | |
| Use ability | 42 | |
1220 total
» units
| Wisp | 17 | |
| Chimaera | 7 | |
| Goblin Zeppelin | 2 | |
| Hippogryph | 11 | |
37 total
» upgrades
| Strength of the Wild | 3 | |
| Reinforced Hides | 2 | |
| Corrosive Breath | 1 | |
6 total
» buildings
| Moon Well | 8 | |
| Altar of Elders | 1 | |
| Tree of Ages | 1 | |
| Tree of Life | 1 | |
| Hunter's Hall | 1 | |
| Tree of Eternity | 1 | |
| Ancient of Wind | 3 | |
| Chimaera Roost | 3 | |
| Ancient of Wonders | 1 | |
20 total
» build order
00:35 Moon Well
01:04 Altar of Elders
02:19 Moon Well
03:12 Tree of Ages
04:27 Tree of Life
04:48 Moon Well
04:55 Hunter's Hall
05:03 Moon Well
05:37 Tree of Eternity
05:48 Ancient of Wind
08:05 Chimaera Roost
08:07 Chimaera Roost
08:09 Chimaera Roost
08:17 Moon Well
08:19 Moon Well
11:57 Ancient of Wonders
12:31 Moon Well
16:30 Moon Well
17:53 Ancient of Wind
17:58 Ancient of Wind
» items
| Boots of Speed | 1 | |
| Scroll of Town Portal | 2 | |
| Orb of Venom | 1 | |
4 total
CaynJ (
blue | 44 APM | 978 actions | 22:27)
3 Mountain King
2 Storm Bolt
1 Bash
» actions
| Assign group hotkey | 30 | |
| Basic commands | 15 | |
| Build / train | 67 | |
| Enter build submenu | 35 | |
| Enter hero's abilities submenu | 3 | |
| Right click | 258 | |
| Select / deselect | 353 | |
| Select group hotkey | 172 | |
| Use ability | 45 | |
978 total
» units
| Peasant | 16 | |
| Footman | 10 | |
| Rifleman | 2 | |
| Knight | 6 | |
| Mortar Team | 7 | |
| Flying Machine | 3 | |
| Siege Engine | 4 | |
48 total
» upgrades
| Plating | 1 | |
| Lumber Harvesting | 2 | |
| Fragmentation Shards | 1 | |
| Gunpowder | 2 | |
| Barrage | 1 | |
| Masonry | 1 | |
8 total
» buildings
| Altar of Kings | 1 | |
| Farm | 16 | |
| Barracks | 2 | |
| Blacksmith | 1 | |
| Arcane Vault | 1 | |
| Town Hall | 1 | |
| Keep | 1 | |
| Lumber Mill | 1 | |
| Castle | 1 | |
| Scout Tower | 5 | |
| Workshop | 2 | |
| Guard Tower | 2 | |
| Arcane Tower | 1 | |
| Cannon Tower | 1 | |
36 total
» build order
00:29 Altar of Kings
00:43 Farm
01:12 Barracks
01:43 Farm
02:14 Barracks
02:26 Farm
02:34 Farm
03:07 Blacksmith
03:39 Arcane Vault
03:55 Farm
06:08 Town Hall
06:43 Keep
07:40 Farm
07:50 Farm
08:19 Farm
08:49 Farm
09:00 Lumber Mill
09:47 Castle
10:16 Scout Tower
10:27 Scout Tower
10:37 Workshop
10:51 Workshop
11:11 Guard Tower
11:27 Scout Tower
11:28 Guard Tower
12:53 Scout Tower
12:55 Arcane Tower
13:20 Farm
13:34 Scout Tower
13:37 Cannon Tower
14:12 Farm
14:37 Farm
14:53 Farm
15:25 Farm
17:20 Farm
19:17 Farm
» items

»
SubZeroLives (
orange | 38 APM | 870 actions | 22:49)
4 Demon Hunter
2 Immolation
2 Evasion
3 Priestess of the Moon
1 Trueshot Aura
2 Searing Arrows
» actions
| Assign group hotkey | 14 | |
| Basic commands | 6 | |
| Build / train | 69 | |
| Enter build submenu | 15 | |
| Enter hero's abilities submenu | 7 | |
| Give item / drop item | 1 | |
| Remove unit from queue | 1 | |
| Right click | 266 | |
| Select / deselect | 212 | |
| Select group hotkey | 226 | |
| Use ability | 53 | |
870 total
» units
| Wisp | 21 | |
| Huntress | 8 | |
| Chimaera | 5 | |
| Hippogryph | 5 | |
39 total
» upgrades
| Strength of the Moon | 2 | |
| Moon Armor | 2 | |
| Sentinel | 1 | |
| Ultravision | 1 | |
| Strength of the Wild | 3 | |
| Reinforced Hides | 3 | |
| Upgrade Moon Glaive | 1 | |
| Nature's Blessing | 1 | |
| Well Spring | 1 | |
| Corrosive Breath | 1 | |
16 total
» buildings
| Moon Well | 6 | |
| Altar of Elders | 1 | |
| Ancient of War | 2 | |
| Hunter's Hall | 1 | |
| Tree of Ages | 1 | |
| Tree of Life | 1 | |
| Tree of Eternity | 1 | |
| Ancient of Wind | 1 | |
| Ancient of Wonders | 1 | |
| Chimaera Roost | 2 | |
17 total
» build order
00:21 Moon Well
00:35 Altar of Elders
00:49 Moon Well
01:32 Ancient of War
01:53 Moon Well
02:34 Ancient of War
02:39 Hunter's Hall
03:00 Moon Well
03:36 Tree of Ages
06:31 Tree of Life
08:04 Tree of Eternity
09:50 Moon Well
11:30 Moon Well
11:47 Ancient of Wind
12:45 Ancient of Wonders
12:53 Chimaera Roost
12:55 Chimaera Roost
» items
| Scroll of Town Portal | 1 | |
| Orb of Venom | 1 | |
2 total
Chat log
(03:22 / All) CaynJ: sry im high as fuck
(03:27 / Allies) Fern.: lol
(03:34 / All) Fern.: lol
(05:12 / All) CaynJ: get high and win
(05:21 / All) Fern.: \o/
(05:28 / All) CaynJ: just aying
(05:31 / All) CaynJ: pizza hut
(07:04 / All) Fern.: ty
(07:13 / All) Fern.: need that level
(07:58 / All) CaynJ: iopps
(08:07 / All) CaynJ: bitch
(09:18 / All) CaynJ: get the f over here
(12:48 / Allies) stinkiboonki: yellow has chims
(13:21 / Allies) Schutzstaffel: you like orc orbs?
(13:27 / Allies) domthot: no
(13:56 / Allies) stinkiboonki: GREEN
(14:14 / Allies) Fern.: REAPIR
(14:20 / Allies) stinkiboonki: purpole
(14:23 / Allies) stinkiboonki: what the fuck
(14:26 / Allies) Schutzstaffel: ?
(14:32 / Allies) Schutzstaffel: was trying to select every peon
(14:33 / Allies) stinkiboonki: why is nobody payig attention
(14:35 / Allies) Schutzstaffel: bats got in the way
(15:54 / Allies) stinkiboonki: blu
(15:57 / Allies) stinkiboonki: and orange
(15:59 / Allies) Fern.: meet ?
(16:03 / All) CaynJ: leave
(17:07 / Allies) stinkiboonki: i got u red
(17:10 / Allies) Fern.: go
(17:26 / Allies) Fern.: ty
(17:31 / Allies) Fern.: we counter down here
(17:47 / Allies) Fern.: gj all
(17:49 / Allies) Fern.: nice composition´[
(17:55 / Allies) Schutzstaffel: I'm making bats and wyverns
(21:28 / All) SubZeroLives: teal was a complete jackass
(21:33 / All) CaynJ: im too high, gg
(21:36 / All) SubZeroLives: what a loser